 Dungeon Crawl Stone Soup version 0.26-a0-1086-g9010512d90 (webtiles) character file.

Game seed: 16657936117532707854

588 dolemite99 the Cleaver (level 7, 0/57 HPs)
             Began as a Hill Orc Fighter on Dec 15, 2020.
             Was an Initiate of Ashenzari.
             Slain by an ogre
             ... wielding a +0 giant club
              (19 damage)
             ... on level 4 of the Dungeon.
             The game lasted 00:04:39 (4360 turns).

dolemite99 the Cleaver (Hill Orc Fighter)           Turns: 4360, Time: 00:04:40

Health: 0/57       AC: 11    Str: 20    XL:     7   Next: 38%
Magic:  7/7        EV:  5    Int:  8    God:    Ashenzari [......]
Gold:   256        SH: 10    Dex: 11    Spells: 6/6 levels left

rFire    . . .     SeeInvis .   a - +0 war axe
rCold    . . .     Faith    .   c - +0 kite shield (curse)
rNeg     . . .     Spirit   .   e - +0 chain mail
rPois    .         Reflect  .   (no helmet)
rElec    .         Harm     .   (no cloak)
rCorr    .         Rampage  .   d - +0 pair of gloves (curse)
Will     .....                  k - +0 pair of boots
Stlth    ..........             (no amulet)
HPRegen  0.19/turn              (no ring)
MPRegen  0.10/turn              (no ring)

@: no status effects
A: no striking features
a: Curse Item, Renounce Religion


You were on level 4 of the Dungeon.
You worshipped Ashenzari.
Ashenzari was noncommittal.
You visited 1 branch of the dungeon, and saw 4 of its levels.

You collected 256 gold pieces.

Inventory:

Hand Weapons
 a - a +0 war axe (weapon)
Missiles
 p - 64 stones (quivered)
 r - 4 javelins
 u - 5 poisoned darts
Armour
 b - a +0 scale mail
 c - a cursed +0 kite shield (worn)
 d - a cursed +0 pair of gloves (worn)
 e - a +0 chain mail (worn)
 k - a +0 pair of boots (worn)
Magical Staves
 t - an uncursed staff of earth
Jewellery
 f - a cursed amulet of inaccuracy
Scrolls
 h - 2 scrolls of teleportation
 l - a scroll of noise {unknown}
 m - 2 scrolls of fear
 n - a scroll of enchant weapon {unknown}
 w - a scroll of amnesia
Potions
 g - a potion of brilliance
 i - a potion of invisibility
 j - a potion of cancellation
 q - a potion of haste {unknown}
 s - a potion of mutation {unknown}
 v - a potion of heal wounds {unknown}
 x - a potion of berserk rage {unknown}


   Skills:
 - Level 3.6 Fighting
 + Level 8.9 Axes
 - Level 3.2 Armour
 - Level 5.5 Shields


You had 6 spell levels left.
You didn't know any spells.
Your spell library was empty.

Dungeon Overview and Level Annotations

Branches:
Dungeon (4/15)
 Temple: D:4-7

Altars:
Ashenzari
Trog


Message History

You aren't carrying any items that you can evoke.
You don't know any spells.
Fire/throw which item? (* to show all) (? for menu, Esc to quit)
Throw: 6 darts (poison)
Press: ? - help, Shift-Dir - straight line, f - ogre
Aim: an ogre, wielding a +0 giant club You throw a poisoned dart.
The poisoned dart hits the ogre.
The ogre is poisoned.
Your chain mail prevents you from hitting the ogre.
The ogre is lightly wounded.
The ogre hits you with a +0 giant club!!
The leopard gecko hisses angrily.
You hit the ogre but do no damage.
The ogre is lightly wounded.
The ogre hits you with a +0 giant club!
An orc comes into view. It is wielding a +0 dagger.
You slash the ogre!
The ogre is heavily wounded.
The ogre hits you with a +0 giant club!!
You die...

##### ##...## l
##^....## ..
#.......# ...
#.......# .!..
#.......# .....
##.....##.l....
##....@O(......
#.<.....##...o.
#.......# ...
#.......# .
##.....##
##...#..
#####... ...


You could see an ogre (poisoned), an orc and a leopard gecko.

Vanquished Creatures
  Grinder (D:3)
  A water moccasin (D:2)
  An orc priest (D:3)
  Jessica (D:3)
  An iguana (D:4)
  3 gnolls (D:2)
  9 adders
  A shadow imp (D:3)
  2 worms (D:2)
  3 dart slugs
  2 leopard geckos (D:2)
  7 orcs (D:3)
  A ball python (D:2)
  4 bats
  A giant cockroach (D:3)
  6 goblins
  9 hobgoblins
  2 jackals (D:2)
  A quokka (D:3)
  2 frilled lizards
  3 kobolds
  10 rats
71 creatures vanquished.

Notes
Turn   | Place    | Note
-------+----------+-------------------------------------------
     0 | D:1      | dolemite99 the Hill Orc Fighter began the quest for the
                  | Orb.
     0 | D:1      | Reached XP level 1. HP: 19/19 MP: 1/1
    40 | D:1      | Reached skill level 3 in Axes
    95 | D:1      | Reached XP level 2. HP: 26/26 MP: 2/2
   167 | D:1      | Reached skill level 4 in Axes
   739 | D:2      | Found a broken altar of Ashenzari.
   751 | D:2      | Noticed a water moccasin
   753 | D:2      | Reached XP level 3. HP: 31/31 MP: 3/3
   760 | D:2      | Killed a water moccasin
   761 | D:2      | Reached skill level 6 in Axes
   761 | D:2      | Reached XP level 4. HP: 21/39 MP: 4/4
   761 | D:2      | Reached XP level 5. HP: 24/45 MP: 5/5
   763 | D:2      | Became a worshipper of Ashenzari the Shackled
  1197 | D:2      | Reached skill level 7 in Axes
  2688 | D:3      | Reached XP level 6. HP: 51/51 MP: 6/6
  2750 | D:3      | Noticed Grinder
  2764 | D:3      | Paralysed by Grinder for 4 turns
  2772 | D:3      | Killed Grinder
  2773 | D:3      | Reached skill level 8 in Axes
  2773 | D:3      | Reached skill level 5 in Shields
  2773 | D:3      | Reached XP level 7. HP: 31/57 MP: 7/7
  3404 | D:3      | Noticed Jessica
  3423 | D:3      | Killed Jessica
  4274 | D:3      | Found a bloodstained altar of Trog.
  4360 | D:4      | Slain by an ogre

Illustrated notes

Levels and vault maps discovered:
D:1:      minmay_arrival_jagged, layout_basic
D:2:      layout_basic, lemuel_crystal_altar, hangedman_decor_growths,
          grunt_ministairs_8
D:3:      layout_rooms, trog_book, uniq_jessica, uniq_grinder
D:4:      layout_rooms, kennysheep_mini_moat, serial_rivers,
          chequers_serial_rivers_large_a, chequers_serial_rivers_micro_e,
          chequers_serial_rivers_micro_b, chequers_serial_rivers_micro_b

Skill      XL: |  1  2  3  4  5  6 |
---------------+-------------------+-----
Axes           | 3 4 6 7 8 |  8.9
Shields        | 4 5 |  5.5
Fighting       | |  3.6
Armour         | |  3.2

Action                   |  1- 3 |  4- 6 |  7- 9 || total
-------------------------+-------+-------+-------++-------
Melee: War axe           |    54 |   104 |   111 ||   269
Throw: Stone             |       |     6 |    24 ||    30
       Dart              |       |       |     1 ||     1
Invok: Curse Item        |       |     2 |       ||     2
  Use: Potion            |     1 |     1 |       ||     2
       Scroll            |       |     6 |     4 ||    10
Armor: Scale mail        |     5 |       |       ||     5
       Chain mail        |    16 |    52 |    43 ||   111
Dodge: Dodged            |    14 |    26 |    13 ||    53
Block: Kite shield       |    41 |    42 |    50 ||   133

Table legend: (Time is in decaauts)
 A = Elapsed time spent in this place.
 B = Non-inter-level travel time spent in this place.
 C = Inter-level travel time spent in this place.
 D = Time resting spent in this place.
 E = Time spent auto-exploring this place.
 F = Levels seen in this place.
 G = Mean time per level.
                   A        B        C        D        E       F      G
               +--------+--------+--------+--------+--------+-----+--------+
         Total |   4425 |   4332 |     93 |   1991 |   1498 |   4 | 1106.2 |
       Dungeon |   4425 |   4332 |     93 |   1991 |   1498 |   4 | 1106.2 |
               +--------+--------+--------+--------+--------+-----+--------+

Top non-repeatable levels by time:
     D:3: 1770 daAuts
     D:2: 1529 daAuts
     D:1: 1095 daAuts
     D:4: 29 daAuts
